[Event "44th Chess Olympiad Women 2022"]
[Site "Chennai"]
[Date "2022.08.03"]
[Round "6.50"]
[White "Hwass Zeineb"]
[Black "Ray, Hiya"]
[Result "1-0"]
[WhiteElo "1386"]
[BlackElo "1586"]
[Annotator "NA RC"]
[PlyCount "89"]
[EventDate "2022.??.??"]
[TimeControl "60"]

1. d4 d5 2. Bf4 Nf6 3. Nf3 e6 4. e3 c5 5. c3 Nc6 6. Nbd2 Bd6 7. Bg3 O-O 8. Bd3 Qe7 9. Qe2 e5 10. dxe5 Nxe5 11. Nxe5 Bxe5 12. Bxe5 Qxe5 13. Nf3 Qe7 14. h3 Bd7 15. O-O a6 16. Rfe1 Rae8 17. Rab1 Ne4 18. Kh1 b5 19. Rbd1 Kh8 20. Bxe4 dxe4 21. Nd2 Bc6 22. Nb3 f5 23. Rd2 f4 24. exf4 Rxf4 25. Qe3 Rf5 26. Red1 Ref8 27. Rd6 Be8 28. R1d2 Rxf2 29. Rxf2 Rxf2 30. Qxf2 Qxd6 31. Qxc5 Qf4 32. Qe7 Qf1+ 33. Kh2 Qf4+ 34. Kg1 h6 35. Qxe8+ Kh7 36. Qd7 Qe3+ 37. Kh1 Qf2 38. Qd2 Qg3 39. Qe2 e3 40. Kg1 Qf4 41. Nc5 Qe5 42. Nxa6 Qe4 43. Nb4 Qb1+ 44. Kh2 Qe4 45. Qc2 1-0

[Event "44th Chess Olympiad Women 2022"]
[Site "Chennai"]
[Date "2022.08.03"]
[Round "6.51"]
[White "Bantiwalu, Aster Melake"]
[Black "Vasquez Jaen, Lourdes Lorena"]
[Result "1-0"]
[WhiteElo "1425"]
[BlackElo "1653"]
[Annotator "NA RC"]
[PlyCount "103"]
[EventDate "2022.??.??"]
[TimeControl "60"]

1. e4 c5 2. Nf3 g6 3. Bc4 Bg7 4. c3 e6 5. O-O Ne7 6. d4 cxd4 7. Nxd4 a6 8.
Bg5 h6 9. Be3 O-O 10. Nd2 b5 11. Bb3 Bb7 12. Bc2 Nbc6 13. N2f3 Rc8 14. Qd2 Kh7 15. Rac1 Na5 16. b3 e5 17. Ne2 d5 18. Ng3 Qc7 19. exd5 Nxd5 20. Ne2 f5 21. Qe1 f4 22. Bd2 Nc6 23. h3 Rce8 24. c4 bxc4 25.
bxc4 Nf6 26. Nh4 Ne7 27. Bb4 Nfg8 28. f3 Rf7 29. Kh1 Nf5 30.
Nxf5 gxf5 31. Nxf4 Nf6 32. Bxf5+ Kg8 33. Nd5 Nxd5 34. cxd5 Qb6 35. Be6 Rxe6 36. dxe6 Qxe6 37. Qe2 a5 38. Bxa5 Ba6 39. Qc2 Bxf1 40. Rxf1 Ra7 41. Bd2 Rxa2 42. Qd3 Ra8 43. Rb1 Kh8 44. Be3 Qc6 45. Rc1 Qe6 46. Qe4 Qe8 47. Rc7 Ra4 48. Qc2 Ra1+ 49. Kh2 Ra2 50. Qxa2 e4 51. f4 Qd8 52. Qf7 1-0

[Event "44th Chess Olympiad Women 2022"]
[Site "Chennai"]
[Date "2022.08.03"]
[Round "6.51"]
[White "Chung Hurtado, Yaleika"]
[Black "Haile, Lidet Abate"]
[Result "0-1"]
[WhiteElo "1696"]
[BlackElo "1624"]
[Annotator "NA RC"]
[PlyCount "139"]
[EventDate "2022.??.??"]
[TimeControl "60"]

1. d4 d5 2. Nf3 Nf6 3. c4 e6 4. g3 g6 5. Bg2 Bg7 6. O-O O-O 7. Qc2 Nbd7 8. b3 a6 9. Bb2 Re8 10. Nbd2 c6 11. Rfd1 Qe7 12. e4 Rb8 13. Re1 dxe4 14. Nxe4 Nxe4 15. Qxe4 Nf6 16. Qe2 Bd7 17. a4 Qd6 18. Ba3 Qc7 19. Bc1 Rbd8 20. Bf4 Qb6 21. Qc2 c5 22. a5 Qc6 23. Rad1 cxd4 24. Nxd4 Qc8 25. Bd6 h6 26. Qe2 Nh7 27. c5 Bxd4 28.
Rxd4 Bc6 29. Rb4 Bxg2 30. Kxg2 Qc6+ 31. Qf3 Qxf3+ 32. Kxf3 Rd7 33. h4 Nf6 34. Rd4 Red8 35. Red1 Ne8 36. Ke4 f6 37. b4 Kf7 38. R4d2 e5 39. f4 exf4 40. Bxf4 Re7+ 41. Kf3 Rxd2 42. Rxd2 g5 43. hxg5 hxg5 44. Bb8 Ng7 45. Rd6 Nf5 46. Rb6 Nd4+ 47. Kg2 g4 48. Kf1 Kg6 49. Bf4 Kf5 50. Rd6 Nb5 51. Rb6 Nd4 52. Rd6 Ne6 53. c6 Nxf4 54. gxf4 bxc6 55. Rxc6 Re4 56. Rb6 Rxf4+ 57. Kg2 Rc4 58. Rxa6 Rxb4 59. Rc6 Ra4 60. a6 Ra5 61. Kg3 Kg5 62. Rb6 f5 63. Rc6 f4+ 64. Kg2 Ra2+ 65. Kg1 Kh4 66. Kf1 Kg3 67. Rc3+ f3 68. Rc1 Rxa6 69. Re1 Rh6 70. Ra1 0-1

[Event "44th Chess Olympiad Women 2022"]
[Site "Chennai"]
[Date "2022.08.03"]
[Round "6.51"]
[White "Mekonen, Selemawit Kidanemar"]
[Black "Castillo Beitia, Ashley Alexandra"]
[Result "0-1"]
[WhiteElo "1263"]
[BlackElo "1587"]
[Annotator "NA RC"]
[PlyCount "52"]
[EventDate "2022.??.??"]
[TimeControl "60"]

1. e4 c5 2. Bc4 d6 3. Nf3 Nf6 4. Nc3 g6 5. h3 Bg7 6. d3 O-O 7. O-O Nc6 8. a3 a6 9. a4 e6 10. Nh2 d5 11. exd5 exd5 12. Bb3 Re8 13. Bg5 Ne7 14. Qc1 Be6 15.
Ne2 b5 16. axb5 axb5 17. Rxa8 Qxa8 18. c4 dxc4 19. dxc4 Ne4 20. Bxe7 Rxe7 21. Qc2 bxc4 22. Bxc4 Bxc4 23.
Qxc4 Nd2 24. Qxc5 Re5 25. Qc2 Rxe2 26. Rd1 Nf3+ 0-1

[Event "44th Chess Olympiad Women 2022"]
[Site "Chennai"]
[Date "2022.08.03"]
[Round "6.51"]
[White "Rondon Chacon, Yolys Desiree"]
[Black "Abera, Mekdes Demssie"]
[Result "1-0"]
[WhiteElo "1688"]
[BlackElo "1342"]
[Annotator "NA RC"]
[PlyCount "117"]
[EventDate "2022.??.??"]
[TimeControl "60"]

1. d4 d5 2. Nf3 Nc6 3. g3 Nf6 4. Bg2 e6 5. O-O Be7 6. c4 O-O 7. Nc3 dxc4 8. e3 Rb8 9. Qa4 Bb4 10. Ne5 Nxe5 11. Qxb4 Nd3 12. Qxc4 Nxc1 13. Raxc1 Bd7 14. b3 a6 15. Rfd1 c6 16. e4 Rc8 17. Qe2 Qe7 18. e5 Nd5 19. Ne4 f6 20. Nd6 Rc7 21. Be4 fxe5 22. dxe5 Bc8 23. h4 g6 24. Qg4 Kh8 25. Kg2 Rg8 26. Qg5 Qxg5 27. hxg5 Kg7 28. Bxd5 exd5 29. Rxd5 Be6 30. Rdd1 Re7 31. f4 h6 32. gxh6+ Kxh6 33. Kf2 Kg7 34. Ne4 Rh8 35. Rh1 Ree8 36. Nf6 Rd8 37. Ke3 Bf5 38. Rxh8 Kxh8 39. Rh1+ Kg7 40. Rh7+ Kf8 41. Rh8+ Ke7 42. Rxd8 Kxd8 43. Ne4 b5 44. b4 Kc7 45. Kd4 Be6 46. a3 Bf5 47. Nd6 Be6 48. Kc5 Bd5 49. Ne8+ Kb7 50. Nf6 Bb3 51. Kd6 Kb6 52. Nd7+ Kb7 53. Nc5+ Kb6 54. Nxb3 c5 55. Nxc5 a5 56. e6 a4 57. e7 g5 58. e8=Q g4 59. Qb8# 1-0

[Event "44th Chess Olympiad Women 2022"]
[Site "Chennai"]
[Date "2022.08.03"]
[Round "6.52"]
[White "Misawa, Yuki"]
[Black "Terubea, Cydel"]
[Result "0-1"]
[WhiteElo "1587"]
[BlackElo "1450"]
[Annotator "NA RC"]
[PlyCount "90"]
[EventDate "2022.??.??"]
[TimeControl "60"]

1. d4 d5 2. c4 e6 3. Nc3 Nf6 4. Nf3 Be7 5. Bg5 h6 6. Bh4 a6 7. e3 b6 8. cxd5 Nxd5 9. Nxd5 exd5 10. Bxe7 Qxe7 11. a3 Bg4 12. Be2 Nd7 13. b4 Nf6 14. O-O O-O 15. Rc1 Rfc8 16. Qb3 c6 17. Qa2 Ne4 18. Ne5 Bd7 19. Bh5 g6 20. Bf3 Kg7 21. Rc2 f6 22. Nxd7 Qxd7 23. Bxe4 dxe4 24. Rfc1 Rc7 25. d5 Rac8 26. dxc6 Rxc6 27. g3 Rxc2 28. Rxc2 Qd1+ 29. Kg2 Rxc2 30. Qe6 Qf3+ 31. Kh3 Qf5+ 32. Qxf5 gxf5 33. a4 Rxf2 34. b5 axb5 35. axb5 Rf3 36. Kh4 Rxe3 37. Kh5 Rb3 38. h4 Rxb5 39. g4 f4+ 40. g5 f3 41. Kg4 f2 42. gxh6+ Kxh6 43. h5 f1=Q 44. Kh4 Rxh5+ 45. Kg4 Qf3# 0-1

[Event "44th Chess Olympiad Women 2022"]
[Site "Chennai"]
[Date "2022.08.03"]
[Round "6.52"]
[White "Prasad, Tanvi"]
[Black "Arai, Yuki"]
[Result "1-0"]
[WhiteElo "1165"]
[BlackElo "1495"]
[Annotator "NA RC"]
[PlyCount "65"]
[EventDate "2022.??.??"]
[TimeControl "60"]

1. d4 Nf6 2. c4 e6 3. Nc3 Bb4 4. Bd2 O-O 5. a3 Bxc3 6. Bxc3 b6 7. Nf3 Bb7 8. e3 d6 9. b4 Nbd7 10. Bd3 Ne4 11. Qc2 f5 12. Bb2 Rc8 13.
O-O c5 14. dxc5 dxc5 15. b5 Ndf6 16. Rfd1 Qe8 17. Ne5 Qh5 18. Be2 Qh4 19. Bf3 g5 20. g3 Qh6 21. Bg2 g4 22. Nd7 Nxd7 23.
Rxd7 Rf7 24. Rad1 Qf8 25. Bxe4 Bxe4 26. Qc3 Rf6 27. Qxf6 Qxf6 28. Bxf6 Ra8 29. Rg7+ Kf8 30. Rxh7 a6 31. Rdd7 Ke8 32. Rde7+ Kd8 33. Rh8# 1-0

[Event "44th Chess Olympiad Women 2022"]
[Site "Chennai"]
[Date "2022.08.03"]
[Round "6.52"]
[White "Sakai, Azumi"]
[Black "Lyons, Kieran"]
[Result "1-0"]
[WhiteElo "1759"]
[BlackElo "1767"]
[Annotator "NA RC"]
[PlyCount "83"]
[EventDate "2022.??.??"]
[TimeControl "60"]

1. d4 f5 2. Bg5 h6 3. Bh4 g5 4. e3 Nf6 5. Bg3 e6 6. h4 g4 7. h5 d6 8. Ne2 Ne4 9. Bh4 Be7 10. Bxe7 Qxe7 11. Nf4 Qg5 12. Nd2 g3 13. Nxe4 fxe4 14. Qe2 gxf2+ 15. Qxf2 O-O 16. Rh3 Kh7 17. Rg3 Qa5+ 18. Qd2 Qxd2+ 19. Kxd2 Nc6 20. Be2 e5 21. Ng6 Rg8 22. Rf1 Be6 23. Rf6 Bd5 24. c4 Rg7 25. cxd5 Ne7 26. Bc4 exd4 27. exd4 Rag8 28. a3 Nxg6 29. Rfxg6 Rxg6 30. hxg6+ Rxg6 31. Rxg6 Kxg6 32. Ke3 Kf5 33.
Be2 a5 34. g4+ Kf6 35. Kxe4 Kg5 36. a4 b6 37. Bd1 Kg6 38. Kf4 Kf6 39. Bc2 Kg7 40. Kf5 Kf7 41. Bd3 Kf8 42. Ke4 1-0

[Event "44th Chess Olympiad Women 2022"]
[Site "Chennai"]
[Date "2022.08.03"]
[Round "6.53"]
[White "La Fleur, Zara"]
[Black "Ampaire Shakira"]
[Result "0-1"]
[WhiteElo "1513"]
[BlackElo "1666"]
[Annotator "NA RC"]
[PlyCount "106"]
[EventDate "2022.??.??"]
[TimeControl "60"]

1. e4 c5 2. Nf3 Nc6 3. d4 cxd4 4. Nxd4 e5 5. Nb5 Nf6 6.
N1c3 a6 7. Nd6+ Bxd6 8. Qxd6 Qe7 9. Qxe7+ Kxe7 10. Bg5 Nb4 11. O-O-O h6 12. Be3 d6 13. a3 Nc6 14. Nd5+ Nxd5 15. exd5 Nd8 16. f4 f6 17. Be2 Bf5 18. c4 Nf7 19. Kd2 Rhc8 20. Rc1 Be4 21. Rhg1 exf4 22. Bxf4 g5 23. Be3 f5 24. Bd4 Ne5 25. Bxe5 dxe5 26. Bd3 Bxd3 27. Kxd3 Kd6 28. Rgf1 Rf8 29. Rc2 Rae8 30. Re2 b5 31. b3 bxc4+ 32. bxc4 Kc5 33. Rfe1 e4+ 34. Kc3 a5 35. Rb2 Rb8 36. Reb1 Rxb2 37. Rxb2 f4 38. Rb5+ Kd6 39. Kd4 f3 40. c5+ Ke7 41. Rb7+ Kf6 42. Kxe4 fxg2 43. Rb1 Ke7 44. Rg1 Rf2 45. Ke3 Rc2 46. Kd4 Rd2+ 47. Kc4 g4 48. d6+ Kd7 49. Kc3 Ra2 50. Kb3 Rf2 51. Kc4 Kc6 52. Kd3 h5 53. Rb1 Rf1 0-1

[Event "44th Chess Olympiad Women 2022"]
[Site "Chennai"]
[Date "2022.08.03"]
[Round "6.53"]
[White "Mohammed, Celine Angelina"]
[Black "Kawuma Patricia"]
[Result "0-1"]
[WhiteElo "1100"]
[BlackElo "1653"]
[Annotator "NA RC"]
[PlyCount "36"]
[EventDate "2022.??.??"]
[TimeControl "60"]

1. e4 e5 2. Nf3 Nc6 3. Nc3 Bc5 4. a3 d6 5. Bb5 Nge7 6. Na4 Bb6 7. Nxb6 axb6 8. b4 O-O 9. Bb2 Bg4 10. h3 Bh5 11. Be2 Bxf3 12. Bxf3 f5 13.
d3 fxe4 14. dxe4 Ng6 15. Qd5+ Kh8 16. O-O Rxf3 17. gxf3 Nf4 18. Qf7 Qg5+ 0-1

[Event "44th Chess Olympiad Women 2022"]
[Site "Chennai"]
[Date "2022.08.03"]
[Round "6.53"]
[White "Nansubuga, Gloria"]
[Black "James, Shemilah"]
[Result "1-0"]
[WhiteElo "1538"]
[BlackElo "1590"]
[Annotator "NA RC"]
[PlyCount "109"]
[EventDate "2022.??.??"]
[TimeControl "60"]

1. e4 e5 2. Nf3 Nc6 3. Bc4 Bc5 4. c3 Nf6 5. d4 exd4 6. cxd4 Bb4+ 7. Bd2 Bxd2+ 8. Nbxd2 d5 9. exd5 Nxd5 10. O-O O-O 11. Ne4 Bg4 12. h3 Bh5 13. Ng3 Bxf3 14. Qxf3 Nb6 15. Bd3 Nxd4 16. Qxb7 Ne6 17. Rad1 Nc5 18. Qf3 Nxd3 19. Rxd3 Qg5 20. Ne4 Qe5 21. Nc3 Rad8 22. Rfd1 Rxd3 23. Rxd3 Qe1+ 24. Kh2 Nc4 25. Rd1 Qe5+ 26. Qg3 Qxg3+ 27. Kxg3 Nd6 28. Nd5 Rd8 29. Kf3 Nb7 30. Re1 c5 31. Re7 Kf8 32. Rxb7 Rxd5 33. Rxa7 Rf5+ 34. Ke3 Re5+ 35. Kd3 Rd5+ 36. Ke3 Re5+ 37. Kd3 Rd5+ 38. Kc3 Rd1 39. Ra5 Rc1+ 40. Kd2 Rb1 41. Kc2 Rf1 42. Rxc5 Rxf2+ 43. Kb3 Rxg2 44. a4 Rd2 45. a5 Rd8 46. Kc4 Ra8 47. b4 Ke7 48. Kb5 Rb8+ 49. Ka4 Kd6 50. a6 Ra8 51. Ka5 g6 52. Rc3 f5 53. b5 f4 54. b6 Kd7 55. b7 1-0

[Event "44th Chess Olympiad Women 2022"]
[Site "Chennai"]
[Date "2022.08.03"]
[Round "6.53"]
[White "Takali Milly"]
[Black "Martin, Kayla"]
[Result "1-0"]
[WhiteElo "1482"]
[BlackElo "1138"]
[Annotator "NA RC"]
[PlyCount "33"]
[EventDate "2022.??.??"]
[TimeControl "60"]

1. d4 c6 2. Nf3 d6 3. c4 Nf6 4. Nc3 Qc7 5. Bf4 Nbd7 6. e3 e5 7. Bg3 Be7 8. Bd3 a6 9. a4 Qb6 10. Qc2 Qc7 11. h3 b6 12. O-O Bb7 13. Rac1 exd4 14. exd4 Qc8 15. Rfe1 Qc7 16. Re2 O-O-O 17. Rxe7 1-0

[Event "44th Chess Olympiad Women 2022"]
[Site "Chennai"]
[Date "2022.08.03"]
[Round "6.54"]
[White "Deng, Jing Xin Crystal"]
[Black "Mpinganjira, Ellen"]
[Result "1-0"]
[WhiteElo "1914"]
[BlackElo "1334"]
[Annotator "NA RC"]
[PlyCount "57"]
[EventDate "2022.??.??"]
[TimeControl "60"]

1. d4 c5 2. d5 d6 3. c4 g6 4. Nc3 Bg7 5. e4 Na6 6. h3 Nf6 7. Nf3 Nc7 8. Bd3 a6 9. a4 Bd7 10. O-O O-O 11. Re1 Re8 12. Bf1 Qc8 13. Bf4 Qd8 14. Qd2 Bc8 15.
Rad1 b6 16. e5 dxe5 17. Nxe5 Bb7 18. Qe3 Nd7 19. Nc6 Bxc6 20. dxc6 Bd4 21. Qg3 Ne6 22. cxd7 Qxd7 23. Nd5 Qb7 24. Be5 Rad8 25. Bxd4 Nxd4 26. Qg5 f6 27. Qg4 Kf7 28. Bd3 e6 29. Qh4 1-0

[Event "44th Chess Olympiad Women 2022"]
[Site "Chennai"]
[Date "2022.08.03"]
[Round "6.54"]
[White "Jambo, Linda"]
[Black "Li, Joy Ching"]
[Result "1/2-1/2"]
[WhiteElo "1426"]
[BlackElo "1386"]
[Annotator "NA RC"]
[PlyCount "98"]
[EventDate "2022.??.??"]
[TimeControl "60"]

1. e4 c5 2. Nf3 g6 3. Bc4 Bg7 4. c3 Nc6 5. O-O d6 6. d3 Nf6 7. Bg5 O-O 8. Qc1 Ng4 9. h3 Nge5 10. Nbd2 Nxc4 11. Nxc4 d5 12. exd5 Qxd5 13. Qe3 Bf5 14. Rfd1 b5 15. Na3 b4 16. Nb5 Rfc8 17. c4 Qd7 18. d4 Qe6 19. Qxe6 fxe6 20. dxc5 e5 21. a3 a6 22. axb4 axb5 23. Rxa8 Rxa8 24. cxb5 Nxb4 25. Bxe7 e4 26. Nd4 Nd3 27. Nxf5 gxf5 28. b6 Be5 29. b7 Re8 30. Bd6 Bxd6 31. cxd6 Kf7 32. Ra1 Nc5 33. Ra7 Kf8 34. d7 Nxd7 35. Ra8 Rb8 36. Rxb8+ Nxb8 37. Kf1 Ke7 38. Ke2 Ke6 39. Ke3 Ke5 40. g3 Nd7 41. h4 Nb8 42. h5 Nd7 43. f3 exf3 44. Kxf3 Nb8 45. g4 fxg4+ 46. Kxg4 h6 47. Kf3 Kf5 48. Ke3 Kg5 49. Kd4 Kf5 1/2-1/2

[Event "44th Chess Olympiad Women 2022"]
[Site "Chennai"]
[Date "2022.08.03"]
[Round "6.54"]
[White "Kapalamula Martha"]
[Black "Leung, Hoi Ting"]
[Result "0-1"]
[WhiteElo "1237"]
[BlackElo "1277"]
[Annotator "NA RC"]
[PlyCount "67"]
[EventDate "2022.??.??"]
[TimeControl "60"]

1. e4 e6 2. d4 d5 3. e5 c5 4. Nf3 Nc6 5. Bb5 Qb6 6. Bxc6+ bxc6 7. O-O Ne7 8. Nc3 Nf5 9. Na4 Qb5 10. b3 Be7 11. Ba3 c4 12. Bxe7 Nxe7 13.
Rb1 O-O 14. c3 cxb3 15. axb3 Ba6 16. Qc2 Qd3 17. Qa2 Bb5 18. Rbd1 Qe2 19. Qa3 Ng6 20. Rfe1 Qc2 21. g3 Qf5 22. Re3 f6 23. Qd6 fxe5 24. dxe5 Qg4 25. h3 Qxh3 26. Ng5 Qh5 27. Qxe6+ Kh8 28. Nb2 Qxg5 29. c4 Rae8 30. Qd6 Qf5 31. Nd3 dxc4 32. bxc4 Bxc4 33. Nf4 Nxf4 34. e6 0-1

[Event "44th Chess Olympiad Women 2022"]
[Site "Chennai"]
[Date "2022.08.03"]
[Round "6.54"]
[White "Lam, Ka Yan"]
[Black "Banda Tapiwa"]
[Result "1-0"]
[WhiteElo "1223"]
[BlackElo "1238"]
[Annotator "NA RC"]
[PlyCount "109"]
[EventDate "2022.??.??"]
[TimeControl "60"]

1. e4 e5 2. Nf3 Nc6 3. Bb5 d6 4. O-O Nf6 5. d3 Be7 6. Be3 a6 7. Ba4 b5 8. Bb3 Na5 9. Nc3 Nxb3 10. axb3 O-O 11. Nxb5 Bg4 12. Na7 Bc8 13. Nc6 Qd7 14. Nxe7+ Qxe7 15. Bg5 h6 16. Bh4 Bg4 17. Re1 g5 18. Bg3 Nh5 19. h3 Bxf3 20. Qxf3 Nxg3 21. Qxg3 c5 22. Ra4 Ra7 23. Rea1 Rfa8 24. Qe3 f6 25. Qd2 Qc7 26. Qc3 a5 27. Qc4+ Kg7 28. Qd5 Rb8 29. f3 Rb4 30. Kf2 Rd4 31. Qe6 Rxa4 32. Rxa4 Rb7 33. Kg3 Rb4 34. Ra1 Rd4 35. Kg4 d5 36. Kf5 Qf7 37. Qxf7+ Kxf7 38. Rxa5 dxe4 39. fxe4 Rd6 40. Rxc5 Ra6 41.
Rc7+ Ke8 42. b4 Kd8 43. Rh7 Ra2 44. Kxf6 Rxb2 45. Rxh6 Rxb4 46. Kxe5 Rb2 47. Rc6 Kd7 48. Rc5 Rb1 49. Kd4 g4 50. hxg4 Rg1 51. g5 Rxg2 52. c4 Rg3 53. Rf5 Ke7 54. c5 Kd7 55. Kc4 1-0

[Event "44th Chess Olympiad Women 2022"]
[Site "Chennai"]
[Date "2022.08.03"]
[Round "6.55"]
[White "Beukes Jamie-Nicole"]
[Black "Curwin, Nickaylah"]
[Result "0-1"]
[WhiteElo "1231"]
[BlackElo "1499"]
[Annotator "NA RC"]
[PlyCount "108"]
[EventDate "2022.??.??"]
[TimeControl "60"]

1. e4 e6 2. d4 d5 3. Nc3 dxe4 4. Nxe4 Bd7 5. Nf3 Bc6 6. Bd3 Nd7 7. Bg5 Ngf6 8. Qe2 Be7 9. Ng3 h6 10. Bd2 b6 11. O-O O-O 12. Rad1 Bb7 13.
Rfe1 c5 14. dxc5 Nxc5 15. Bb5 Qc7 16. Bb4 Rad8 17. Ne5 Nd5 18.
Bxc5 Bxc5 19. Nd3 Nf4 20. Nxf4 Qxf4 21. Bd3 Qf6 22. c3 a5 23. Ne4 Qg6 24. Ng3 Qg5 25. Be4 Bd5 26. c4 Bxe4 27. Nxe4 Qe7 28. Nxc5 Qxc5 29. b3 Rfe8 30. Rd2 Kf8 31. Red1 Qg5 32. g3 Rxd2 33. Qxd2 Qxd2 34. Rxd2 Ke7 35. Kf1 Rc8 36. Ke2 Rc5 37. Rd4 e5 38. Rd5 Rxd5 39. cxd5 Kd6 40. Kd3 Kxd5 41. f3 f5 42. Ke3 g5 43. h3 h5 44. a3 a4 45. bxa4 Kc4 46. f4 exf4+ 47. gxf4 g4 48. hxg4 hxg4 49. Kf2 Kb3 50. Kg3 Kxa4 51. Kh4 Kxa3 52. Kg5 g3 53. Kxf5 g2 54. Ke5 g1=Q 0-1

[Event "44th Chess Olympiad Women 2022"]
[Site "Chennai"]
[Date "2022.08.03"]
[Round "6.55"]
[White "Clarke, Adani"]
[Black "Van Wyk, Keisha C"]
[Result "1-0"]
[WhiteElo "1812"]
[BlackElo "1237"]
[Annotator "NA RC"]
[PlyCount "63"]
[EventDate "2022.??.??"]
[TimeControl "60"]

1. d4 Nf6 2. c4 g6 3. Nc3 Bg7 4. e4 d6 5. Be2 O-O 6. Be3 c5 7. d5 e6 8. g4 exd5 9. exd5 Re8 10. h3 Na6 11. Nf3 Nc7 12. Kf1 a6 13. a4 Qe7 14. a5 Ne4 15.
Nxe4 Qxe4 16. Bd3 Qe7 17. Rb1 Rf8 18. Qd2 Bd7 19. Kg2 f5 20.
g5 Rf7 21. Bf4 Re8 22. b4 Na8 23. bxc5 Be5 24. cxd6 Bxd6 25. Rxb7 Bxf4 26. Qxf4 Qd8 27. Rhb1 Qxa5 28. Ne5 Nc7 29. Nxf7 Nxd5 30. Nh6+ Kf8 31. Qd6+ Ne7 32. Qf6# 1-0

[Event "44th Chess Olympiad Women 2022"]
[Site "Chennai"]
[Date "2022.08.03"]
[Round "6.56"]
[White "Cho, Hung-Ling"]
[Black "Ranasinghe, S D.."]
[Result "1-0"]
[WhiteElo "1576"]
[BlackElo "1687"]
[Annotator "NA RC"]
[PlyCount "135"]
[EventDate "2022.??.??"]
[TimeControl "60"]

1. f4 c5 2. Nf3 Nc6 3. e3 d6 4. b3 a6 5. Bb2 Nf6 6. Be2 Qc7 7. O-O e5 8. fxe5 dxe5 9. d4 exd4 10. exd4 cxd4 11. Nxd4 Nxd4 12. Bxd4 Bc5 13. Kh1 Bxd4 14. Qxd4 Qxc2 15. Nc3 Qg6 16. Bd3 Qg5 17. Rae1+ Be6 18. Qd6 Rd8 19. Rxe6+ fxe6 20. Qxe6+ Kf8 21. Bc4 Qh5 22. Rxf6+ gxf6 23. Qxf6+ Ke8 24. Qxh8+ Kd7 25. Qd4+ Kc7 26.
Nd5+ Kb8 27. h3 Qg6 28. Qe5+ Ka7 29. Qe3+ Kb8 30. Bd3 Qg7 31. Be4 Qa1+ 32. Kh2 Qg7 33. Qg3+ Qxg3+ 34. Kxg3 h6 35. a4 Re8 36. Nf6 Re6 37. Nd7+ Ka7 38. Kf4 Re7 39. Ne5 Kb6 40. g4 Kc5 41. h4 Re8 42. Bxb7 a5 43. Be4 Rf8+ 44. Bf5 Kb4 45. Nd7 Re8 46. g5 hxg5+ 47. hxg5 Kxb3 48. Nf6 Re7 49. Bd7 Kc4 50. g6 Kd4 51. Bf5 Rg7 52. Nh5 Rg8 53. g7 Kc5 54. Be6 Rd8 55. Nf6 Kb4 56.
Bd7 Kc5 57. g8=Q Rxg8 58. Nxg8 Kd6 59. Nf6 Ke7 60. Ke5 Kd8 61. Kd5 Kc7 62. Kc5 Kb7 63. Kb5 Ka7 64. Kxa5 Kb7 65. Kb5 Ka7 66. a5 Kb7 67. a6+ Kc7 68. Bc6 1-0

[Event "44th Chess Olympiad Women 2022"]
[Site "Chennai"]
[Date "2022.08.03"]
[Round "6.56"]
[White "Shih, Ching-An"]
[Black "Abeysinghe, H M H Janandani"]
[Result "1/2-1/2"]
[WhiteElo "1582"]
[BlackElo "1516"]
[Annotator "NA RC"]
[PlyCount "71"]
[EventDate "2022.??.??"]
[TimeControl "60"]

1. Nf3 g6 2. g3 Bg7 3. Bg2 d6 4. d4 Nf6 5. O-O O-O 6. c3 Nbd7 7. Re1 c5 8. e4 e6 9. Nbd2 cxd4 10. Nxd4 Nb6 11. N2b3 d5 12. exd5 Nfxd5 13. Nc5 Qc7 14. Na4 Bd7 15. Nxb6 Nxb6 16. Be3 Nc4 17. Qc1 Nxe3 18. Qxe3 Rac8 19. Rad1 Rfd8 20. Nb3 b6 21. Rd2 Ba4 22. Red1 Rxd2 23. Rxd2 Bxb3 24. axb3 Rd8 25. Bf3 Bf6 26. Kg2 Kg7 27. Be4 Rxd2 28. Qxd2 Qd8 29. Qxd8 Bxd8 30. f4 Bc7 31. b4 f5 32. Bc6 e5 33. fxe5 Bxe5 34. Kf3 Kf6 35. Bd5 h6 36. Bc4 1/2-1/2

[Event "44th Chess Olympiad Women 2022"]
[Site "Chennai"]
[Date "2022.08.03"]
[Round "6.56"]
[White "Wijesuriya, G P Y.."]
[Black "Tsai, Sophie Yi-Hsuan"]
[Result "1/2-1/2"]
[WhiteElo "1579"]
[BlackElo "1131"]
[Annotator "NA RC"]
[PlyCount "66"]
[EventDate "2022.??.??"]
[TimeControl "60"]

1. e4 c5 2. Nc3 g6 3. f4 Bg7 4. Nf3 Nc6 5. a4 e6 6. e5 a6 7. Ne4 Qb6 8. Nd6+ Kf8 9. b3 Nh6 10. Ba3 Kg8 11. c3 Qa7 12. Bd3 Nf5 13. Bxf5 exf5 14. Ng5 Nd8 15. Qf3 b6 16. Ngxf7 Bb7 17. Nxb7 Kxf7 18. Nd6+ Kg8 19. Qd5+ Ne6 20. O-O h5 21. Kh1 Kh7 22. Rf3 Qc7 23. Qd3 Nxf4 24. Rxf4 Bxe5 25. Rxf5 Qxd6 26. Qxd6 Bxd6 27. Rf7+ Kh6 28.
Rxd7 Rad8 29. Ra7 Bf4 30. Rxa6 Rxd2 31. g3 Re8 32. gxf4 Ree2 33. Kg1 Rg2+ 1/2-1/2

[Event "44th Chess Olympiad Women 2022"]
[Site "Chennai"]
[Date "2022.08.03"]
[Round "6.57"]
[White "Bouzana, Christina"]
[Black "Kang, Sohyun"]
[Result "0-1"]
[WhiteElo "1079"]
[BlackElo "1593"]
[Annotator "NA RC"]
[PlyCount "62"]
[EventDate "2022.??.??"]
[TimeControl "60"]

1. d4 d5 2. Bf4 c5 3. e3 Nc6 4. c3 Nf6 5. Nd2 e6 6. Ngf3 Bd6 7. Bg3 O-O 8.
Bd3 b6 9. O-O Bb7 10. e4 Be7 11. e5 Nh5 12. Re1 Rc8 13. Rc1 Nxg3 14. hxg3 cxd4 15. Nxd4 Qd7 16. N2f3 a6 17. Nxc6 Rxc6 18. Nd4 Rc7 19. Qg4 Rfc8 20. Re2 Qa4 21. b3 Qa5 22. c4 b5 23. Nf3 dxc4 24. bxc4 Qa3 25. Rd1 bxc4 26. Bb1 h6 27. Re3 Qb4 28. Rc1 Qb5 29. Rec3 Bb4 30.
R3c2 c3 31. Nd4 Qxe5 0-1

[Event "44th Chess Olympiad Women 2022"]
[Site "Chennai"]
[Date "2022.08.03"]
[Round "6.57"]
[White "Markidou, Christianna"]
[Black "Cho, Yeonhee"]
[Result "1-0"]
[WhiteElo "1701"]
[BlackElo "1427"]
[Annotator "NA RC"]
[PlyCount "93"]
[EventDate "2022.??.??"]
[TimeControl "60"]

1. e4 e5 2. Nf3 Nc6 3. d4 exd4 4. Nxd4 Bc5 5. Be3 Qf6 6. c3 Nge7 7. b4 Bb6 8. Na3 d5 9. Qf3 Bxd4 10. Bxd4 Qxf3 11. gxf3 Nxd4 12. cxd4 O-O 13. Bd3 Rd8 14. e5 Bf5 15. Kd2 Bxd3 16. Kxd3 a5 17. b5 c6 18. Rhc1 Rdc8 19. Rc3 cxb5 20. Nxb5 Rxc3+ 21. Nxc3 Ra6 22. Rb1 b6 23. Rb5 Kf8 24. Nxd5 Nxd5 25. Rxd5 Ra7 26. Rb5 Rb7 27. f4 Ke7 28. f5 Rb8 29. f4 h6 30. d5 Kd7 31. a4 Kc7 32. Rb2 Kd7 33.
Kd4 Rb7 34. d6 Rb8 35. Kd5 b5 36. axb5 a4 37. e6+ fxe6+ 38. fxe6+ Kd8 39. Kc6 Rc8+ 40. Kb7 a3 41. Ra2 Rc3 42. b6 Rd3 43. Kc6 Rc3+ 44. Kd5 Rb3 45.
b7 Rxb7 46. Rxa3 Rb8 47. Ra7 1-0

[Event "44th Chess Olympiad Women 2022"]
[Site "Chennai"]
[Date "2022.08.03"]
[Round "6.57"]
[White "Park, Haneul"]
[Black "Ioannides Liu, Alice"]
[Result "1/2-1/2"]
[WhiteElo "1531"]
[BlackElo "1292"]
[Annotator "NA RC"]
[PlyCount "68"]
[EventDate "2022.??.??"]
[TimeControl "60"]

1. d4 Nf6 2. c4 e6 3. Nf3 d5 4. Nc3 Be7 5. Bf4 c6 6. e3 O-O 7. Bd3 Nbd7 8. c5 b6 9. b4 a5 10. a3 b5 11. O-O Bb7 12. Qe2 Re8 13. Rfc1 Nf8 14. Nxb5 Nh5 15. Nc3 Nxf4 16. exf4 axb4 17. axb4 Bf6 18. Ne5 Bxe5 19. fxe5 f6 20. b5 f5 21. bxc6 Bxc6 22. Nb5 Qh4 23. g3 Qg5 24. Na7 Rxa7 25.
Rxa7 Qxc1+ 26. Kg2 Qg5 27. Rc7 Ba8 28. Qb2 Qd8 29. Ra7 Qb8 30.
Qa3 Bc6 31. Qa5 Ng6 32. Rc7 Rc8 33. Ra7 Nf8 34. Ra6 Bb7 1/2-1/2

[Event "44th Chess Olympiad Women 2022"]
[Site "Chennai"]
[Date "2022.08.03"]
[Round "6.57"]
[White "You, Garam"]
[Black "Sokolova, Victoria"]
[Result "1-0"]
[WhiteElo "1407"]
[BlackElo "1193"]
[Annotator "NA RC"]
[PlyCount "93"]
[EventDate "2022.??.??"]
[TimeControl "60"]

1. d4 d5 2. c4 e5 3. dxe5 d4 4. Nf3 Nc6 5. g3 Be6 6. Bg2 Qd7 7. O-O O-O-O 8. Nbd2 f6 9. exf6 Nxf6 10. Ng5 h6 11. Nxe6 Qxe6 12. a3 Re8 13. Re1 Ne5 14. Qb3 c6 15. Nf3 Bc5 16. Nxe5 Qxe5 17. Bf4 Qh5 18. Qd3 Rhf8 19. b4 g5 20. Qf5+ Nd7 21. Qd3 gxf4 22. bxc5 fxg3 23. hxg3 Qxc5 24. Rad1 Ne5 25. Qxd4 Qxc4 26.
Bh3+ Kb8 27. Qd6+ Ka8 28. Rc1 Qf7 29. Qc5 b6 30. Qd4 c5 31.
Bg2+ Kb8 32. Qd6+ Kc8 33. Bh3+ Kb7 34. Bg2+ Kc8 35. f4 Nd7 36. Bh3 Qg7 37. Kh2 Re3 38. Bxd7+ Kb7 39. Bc6+ Ka6 40. Bf3 Rg8 41. Rg1 Qf7 42. Qd1 b5 43. Rxc5 Qe7 44. Rc6+ Ka5 45. Qd2+ Ka4 46. Ra6+ Kb3 47. Bd5# 1-0